 Dungeon Crawl Stone Soup version 0.28-b1-25-g9875b3fc8c (webtiles) character file.

Game seed: 7403430219441695653

694 Cykl0x the Conjurer (level 7, 0/41 HPs)
             Began as a Gargoyle Conjurer on Feb 2, 2022.
             Was an Initiate of the Shining One.
             Slain by a hound (2 damage)
             ... on level 5 of the Dungeon.
             The game lasted 00:13:00 (5478 turns).

Cykl0x the Conjurer (Gargoyle Conjurer)             Turns: 5478, Time: 00:13:01

Health: 0/41       AC: 12    Str: 13    XL:     7   Next: 64%
Magic:  8/11       EV:  9    Int: 18    God:    the Shining One [......]
Gold:   400        SH:  0    Dex:  8    Spells: 8/11 levels left

rFire   . . .      SeeInvis .   g - +1 great sword
rCold   . . .      Faith    .   (shield currently unavailable)
rNeg    + . .      Spirit   .   e - +0 scale mail
rPois   ∞          Reflect  .   (no helmet)
rElec   +          Harm     .   i - +0 cloak
rCorr   .          Rampage  .   (no gloves)
Will    .....                   (no boots)
Stlth   ..........              (no amulet)
HPRegen 0.13/turn               (no ring)
MPRegen 0.12/turn               (no ring)

@: glowing
A: sickness immunity, AC +4, negative energy resistance 1, electricity
resistance, torment resistance 1, petrification resistance
a: Renounce Religion


You were on level 5 of the Dungeon.
You worshipped the Shining One.
The Shining One was noncommittal.
You visited 2 branches of the dungeon, and saw 6 of its levels.
You also visited: Ossuary.

You collected 400 gold pieces.

Inventory:

Hand Weapons
 b - a +1 dagger of protection
 g - a +1 great sword (weapon)
Armour
 a - a +0 robe
 d - a +0 leather armour
 e - a +0 scale mail (worn)
 i - a +0 cloak (worn)
 t - a +1 pair of boots
Jewellery
 j - an amulet of reflection
Wands
 m - a wand of digging (7)
 o - a wand of paralysis (8)
Scrolls
 f - 3 scrolls of teleportation
 p - a scroll of fog
 q - 3 scrolls of identify
Potions
 c - a potion of brilliance {unknown}
 h - a potion of haste
 k - 2 potions of degeneration {unknown}
 l - a potion of heal wounds {unknown}
 n - 5 potions of curing {unknown}
 r - 2 potions of magic {unknown}
 s - a potion of lignification {unknown}


   Skills:
 + Level 3.1 Fighting
 + Level 3.0 Long Blades
 + Level 3.7 Armour
 + Level 2.5 Dodging
 - Level 2.1 Stealth
 + Level 2.9 Spellcasting
 + Level 5.5 Conjurations
 * Level 2.2 Hexes


You had 8 spell levels left.
You knew the following spells:

 Your Spells              Type           Power      Damage    Failure   Level
a - Magic Dart            Conj           88%        1d7       8%          1
b - Searing Ray           Conj           44%        2d6       11%         2

Your spell library contained the following spells:

 Spells                   Type           Power      Damage    Failure   Level
 Dazzling Flash           Conj/Hex       32%        N/A       41%         3
 Fulminant Prism          Conj/Hex       8%         3d7       82%         4
 Iskenderun's Mystic Bla  Conj/Tloc      12%        2d5       92%         4


Dungeon Overview and Level Annotations

Branches:
Dungeon (5/15)             Temple (1/1) D:4         Ossuary (visited)

Altars:
Fedhas
Okawaru
Sif Muna
Wu Jian
The Shining One


Innate Abilities, Weirdness & Mutations

You are immune to sickness and miasma.
Your stone body is resilient. (AC +4)
You are immune to poison.
You resist negative energy. (rN+)
You are resistant to electric shocks. (rElec)
You are resistant to unholy torment.
You are immune to petrification.


Message History

The phantom is almost destroyed.
The phantom hits you.
* * * LOW HITPOINT WARNING * * *
The phantom blinks!
You blink.
Found 6 gold pieces.
The phantom hits you but does no damage.
Unknown command.
You hit the phantom.
You destroy the phantom!
The Shining One accepts your kill.
Your Long Blades skill increases to level 3!
A hound comes into view.
Found a robe.
The hound barks!
You see here a +1 pair of boots.
t - a +1 pair of boots The hound barely misses you.
The hound bites you.
* * * LOW HITPOINT WARNING * * *
The hound bites you but does no damage.
You see here a water moccasin corpse.
There is a stone staircase leading up here.
You hit the hound.
The hound is moderately wounded.
The hound bites you but does no damage. x2
You closely miss the hound.
The hound is lightly wounded.
The hound bites you.
* * * LOW HITPOINT WARNING * * *
The hound bites you. The Shining One protects you from harm!
The hound bites you.
* * * LOW HITPOINT WARNING * * *
Casting: Searing Ray (safe; 11% risk of failure)
Confirm with . or Enter, or press ? or * to list all spells.
Aiming: Searing Ray (safe; 11% risk of failure)
Press: ? - help, Shift-Dir - straight line, f - hound
Aim: a hound (lightly wounded, 69% to hit)
The searing ray misses the hound. (Press . to maintain the ray.)
The hound bites you.
You die...

##### .... .
...# .# ...# $.
...+
#.######...#
#.#@h......#
#.#####....#
#.#####.####
#.......#######
#####.(........
#.......##.
#..........
##........##.
...#........#


You could see a hound.

Vanquished Creatures
  A water moccasin (D:5)
  2 phantoms
  A hound (D:5)
  Crazy Yiuf (D:3)
  2 iguanas
  An orc wizard (D:4)
  2 hound skeletons (D:4)
  8 mummies (Ossuary)
  A gnoll (D:3)
  7 adders
  3 ufetubi
  An adder skeleton (D:4)
  2 worms
  5 orcs
  8 ball pythons
  5 endoplasms
  2 giant cockroaches
  3 gnoll zombies (Ossuary)
  9 goblins
  3 hobgoblins
  A quokka (D:4)
  5 bats (D:1)
  A frilled lizard (D:3)
  3 kobolds (D:3)
  A kobold zombie (Ossuary)
  4 orc zombies (Ossuary)
  4 rats
  A spectral hobgoblin (D:3)
87 creatures vanquished.

Notes
Turn   | Place    | Note
-------+----------+-------------------------------------------
     0 | D:1      | Cykl0x the Gargoyle Conjurer began the quest for the Orb.
     0 | D:1      | Reached XP level 1. HP: 10/10 MP: 3/3
   352 | D:1      | Reached XP level 2. HP: 15/15 MP: 1/5
   355 | D:1      | Learned a level 2 spell: Searing Ray
  1462 | D:2      | Reached skill level 5 in Conjurations
  1462 | D:2      | Reached XP level 3. HP: 13/20 MP: 2/6
  1676 | D:2      | Reached skill level 1 in Fighting
  2395 | D:3      | Found an ornate altar of the Wu Jian Council.
  2405 | D:3      | Reached skill level 1 in Armour
  2487 | D:3      | Reached XP level 4. HP: 25/25 MP: 1/7
  2577 | D:3      | Found a faded altar of an unknown god.
  2636 | D:3      | Found a shimmering blue altar of Sif Muna.
  2737 | D:3      | Reached skill level 1 in Long Blades
  2975 | D:3      | Found a blossoming altar of Fedhas.
  3156 | D:3      | Reached XP level 5. HP: 19/30 MP: 3/8
  3266 | D:3      | Found an iron altar of Okawaru.
  3402 | D:3      | Found a runed translucent door.
  3403 | D:3      | Noticed Crazy Yiuf
  3410 | D:3      | Killed Crazy Yiuf
  3696 | D:4      | Found a sand-covered staircase.
  3709 | Ossuary  | Entered an ossuary
  3793 | Ossuary  | Reached XP level 6. HP: 19/35 MP: 3/10
  4029 | Ossuary  | Reached skill level 1 in Hexes
  4603 | D:4      | Found a staircase to the Ecumenical Temple.
  4844 | Temple   | Entered the Ecumenical Temple
  4854 | Temple   | Became a worshipper of the Shining One
  4988 | D:4      | Reached XP level 7. HP: 40/40 MP: 5/11
  5402 | D:5      | Entered Level 5 of the Dungeon
  5477 | D:5      | The Shining One protects you from harm!
  5477 | D:5      | HP: 2/41 [hound (2)]
  5478 | D:5      | Slain by a hound

Illustrated notes

Levels and vault maps discovered:
D:1:      dpeg_arrival_subterranean_lakeside_camping, layout_loops_ring
D:2:      layout_rooms
D:3:      layout_basic, okawaru_altar_gauntlet_db, lemuel_crystal_altar,
          fedhas_altar_3, nicolae_sif_muna_condensation,
          dreamdust_ecumenical_altar_drowned_temple, uniq_crazy_yiuf_cottage
D:4:      layout_loops_ring, minmay_temple_entry_glass,
          nicolae_ossuary_entry_ruins, portal_sewer_entry_d, grunt_ministairs_6
D:5:      layout_basic, amcnicky_altar_gilded, ebering_ghost_inner_flame,
          minmay_checkerbox, uniq_edmund
Temple:   bh_familiar_temple

Skill      XL: |  1  2  3  4  5  6  7 |
---------------+----------------------+-----
Conjurations   | 5 |  5.5
Fighting       | 1 2 3 |  3.1
Armour         | 1 2 3 |  3.7
Long Blades    | 1 2 3 |  3.0
Dodging        | 2 |  2.5
Hexes          | 1 2 |  2.2
Stealth        | |  2.1
Spellcasting   | |  2.9

Action                   |  1- 3 |  4- 6 |  7- 9 || total
-------------------------+-------+-------+-------++-------
Melee: Unarmed           |    46 |       |       ||    46
       Great sword       |     3 |    82 |    37 ||   122
 Cast: Magic Dart        |    50 |    41 |     2 ||    93
       Searing Ray       |     5 |    15 |     3 ||    23
  Use: Scroll            |     5 |     3 |       ||     8
       Potion            |       |     1 |       ||     1
Armor: Robe              |     9 |       |       ||     9
       Scale mail        |    23 |    84 |    46 ||   153
Dodge: Dodged            |    30 |    60 |    31 ||   121
